Map: El planeta prohibido

Players

PhantomNiqht - Winner!

  • Race: Protoss Protoss
  • League: Platinum
  • Spawn Location: 5:00

MrFercho

  • Race: Terran Terran
  • Spawn Location: 9:00

tigro

  • Race: Terran Terran
  • Spawn Location: 11:00

IA (Difícil)

  • Race: Terran Terran
  • Spawn Location: 7:00

VOD

Have the link to the VOD?

Description

Time

  • Played on: Aug. 2, 2019, 11:36 p.m.
  • Length: 24:47
Show
View Real Time Build Order
Export as new Build Order

PhantomNiqht Protoss - Winner!

Build Orders: 1 Gate Expand, Carriers 

Get SALT Encoding   

  12  0:00  Probe  
  13  0:12  Probe  
  14  0:20  Pylon  
  14  0:25  Probe  
  15  0:36  Probe  
  16  0:44  Probe  
  16  0:46  Gateway  
  17  0:52  Probe  
  17  0:56  Assimilator  
  18  1:04  Probe  
  19  1:16  Probe  
  21  1:38  Nexus  
  20  1:45  Cybernetics Core  
  20  1:49  Probe  
  21  1:56  Pylon  
  21  2:01  Probe  
  22  2:16  Assimilator  
  21  2:23  Stargate  
  21  2:27  Probe  
  22  2:37  Stalker  
  22  2:41  Shield Battery  
  22  2:43  Shield Battery  
  24  2:46  Pylon, Probe  
  25  2:57  Probe x2  
  25  3:05  Probe x2  
  27  3:07  Stalker  
  31  3:15  Probe x2  
  34  3:27  Probe x2  
  35  3:39  Probe x2  
  35  3:40  Fleet Beacon  
  37  3:50  Stalker  
  37  3:51  Probe x2  
  41  4:03  Probe x2  
  41  4:06  Robotics Facility  
  43  4:10  Assimilator  
  43  4:12  Assimilator  
  43  4:15  Probe x2  
  45  4:31  Protoss Air Weapons Level 1, Probe x2  
  47  4:43  Probe x2  
  49  4:49  Forge  
  49  4:53  Observer  
  49  4:54  Pylon  
  49  4:55  Pylon, Probe  
  49  4:56  Probe  
  52  5:08  Probe x2  
  52  5:12  Stalker  
  56  5:17  Pylon  
  56  5:19  Pylon  
  56  5:26  Protoss Shields Level 1  
  56  5:35  Carrier  
  56  5:38  Photon Cannon  
  56  5:43  Photon Cannon  
  56  5:49  Photon Cannon  
  62  5:50  Probe x2  
  64  6:16  Nexus  
  64  6:19  Pylon  
  64  6:20  Pylon  
  64  6:23  Assimilator  
  64  6:24  Stargate  
  64  6:38  Protoss Air Weapons Level 2  
  64  6:39  Tempest  
  61  7:05  Carrier  
  67  7:23  Carrier  
  67  7:26  Observer  
  73  7:41  Gateway  
  73  7:44  Photon Cannon  
  73  7:46  Photon Cannon  
  73  7:47  Photon Cannon  
  73  7:48  Probe  
  73  7:49  Probe x2  
  74  7:57  Probe x2  
  74  7:58  Probe  
  76  8:03  Carrier  
  76  8:05  Probe x2  
  79  8:06  Probe  
  88  8:14  Observer  
  88  8:16  Twilight Council  
  89  8:27  Tempest  
  94  8:48  Protoss Shields Level 2  
  94  8:58  Protoss Air Armor Level 1, Probe x3  
  94  9:01  Tempest  
  97  9:03  Void Ray  
  106  9:19  Observer  
  106  9:23  Observer  
  103  9:41  Observer  
  99  10:02  Observer  
  99  10:04  Probe x3  
  101  10:18  Probe x3  
  104  10:24  Assimilator  
  104  10:30  Probe x3  
  108  10:42  Probe  
  108  11:04  Protoss Air Weapons Level 3  
  108  11:06  Void Ray x2  
  116  11:20  Protoss Shields Level 3  
  116  12:38  Pylon  
  116  12:39  Pylon  
  116  12:40  Pylon  
  116  12:42  Pylon  
  116  12:44  Pylon  
  116  12:45  Pylon  
  116  12:47  Pylon  
  116  12:48  Pylon  
  116  12:56  Void Ray x2  
  124  13:51  Void Ray x2  
  124  13:58  Protoss Air Armor Level 2, Probe x2  
  124  13:59  Probe  
  135  14:10  Probe  
  135  14:11  Probe x2  
  138  14:34  Void Ray x2  
  141  15:34  Observer  
  141  15:40  Observer  
  141  15:48  Observer  
  142  16:02  Carrier x2  
  142  16:09  Observer  
  155  16:30  Observer  
  155  16:54  Pylon  
  155  16:55  Protoss Ground Weapons Level 1  
  155  16:58  Carrier x2  
  155  17:06  Pylon  
  167  17:15  Protoss Air Armor Level 3  
  167  17:26  Pylon  
  167  17:36  Pylon  
  167  17:57  Pylon  
  167  18:01  Tempest  
  167  18:02  Tempest  
  169  18:35  Tempest x2  
  169  18:48  Mothership  
  199  19:31  Carrier x2  
  188  22:36  Observer  
Show
View Real Time Build Order
Export as new Build Order

MrFercho Terran 

Build Orders:  

Get SALT Encoding   

  12  0:02  SCV  
  13  0:21  SCV  
  13  0:22  Supply Depot  
  14  0:33  SCV  
  15  0:36  Refinery  
  15  0:46  SCV  
  16  0:57  Barracks  
  16  1:01  SCV  
  17  1:11  Engineering Bay  
  17  1:13  SCV  
  18  1:25  SCV  
  19  1:43  Supply Depot  
  19  1:47  Terran Infantry Weapons Level 1  
  19  1:53  Marine  
  19  2:44  Reaper  
  19  2:46  Factory  
  20  3:07  Refinery  
  20  3:08  SCV  
  21  3:18  Barracks Tech Lab  
  21  3:20  SCV  
  21  3:24  Barracks  
  22  3:32  SCV  
  23  3:44  SCV  
  24  3:59  Command Center  
  24  4:12  Orbital Command  
  24  4:14  Barracks  
  24  4:16  Barracks Tech Lab  
  24  4:18  Factory Tech Lab  
  24  4:28  Starport  
  24  4:45  Marine x2  
  26  4:49  SCV  
  27  4:56  Supply Depot  
  27  5:01  Barracks, SCV  
  27  5:06  Starport  
  28  5:12  Refinery  
  28  5:13  SCV  
  29  5:15  Orbital Command  
  29  5:25  SCV  
  30  5:32  Fusion Core  
  30  5:33  Barracks Tech Lab  
  30  5:38  SCV  
  31  5:43  Starport  
  31  5:50  Barracks Tech Lab, SCV  
  32  6:06  Armory  
  32  6:14  SCV  
  33  6:26  SCV  
  34  6:34  Starport Tech Lab x3  
  34  6:38  SCV  
  35  6:48  Factory  
  35  6:50  SCV  
  36  6:54  Armory  
  36  6:59  Ghost Academy  
  36  7:02  SCV  
  37  7:17  Weapon Refit  
  37  7:31  Refinery  
  37  7:33  Factory  
  37  7:43  Liberator x2  
  37  7:49  SCV x2  
  39  7:57  Factory Tech Lab  
  39  8:01  SCV x2  
  47  8:06  Command Center  
  47  8:13  SCV x2  
  49  8:25  SCV x2  
  51  8:37  SCV  
  52  8:49  Sensor Tower  
  52  9:20  Refinery  
  51  9:41  Sensor Tower  
  51  9:46  Refinery  
  48  10:23  Viking x2  
  48  10:24  Viking  
  54  10:36  SCV x2  
  54  10:40  SCV  
  57  10:48  SCV x2  
  59  10:52  SCV  
  59  10:53  Battlecruiser  
  66  11:04  SCV  
  67  11:16  SCV  
  68  11:28  SCV  
  69  11:37  Marauder x3, Battlecruiser  
  81  11:47  Orbital Command  
  81  11:51  Factory Tech Lab  
  81  12:05  Thor x2  
  93  12:14  Terran Vehicle And Ship Armor Level 1, Terran Vehicle Weapons Level 1  
  93  12:17  Terran Infantry Armor Level 1  
  93  12:22  Engineering Bay  
  93  12:30  Personal Cloaking  
  93  12:51  Armory  
  93  12:58  Supply Depot  
  93  12:59  Supply Depot  
  93  13:04  Supply Depot  
  93  13:19  Siege Tank  
  96  13:20  Supply Depot  
  96  13:22  Supply Depot  
  96  14:07  Cyclone  
  96  14:08  Cyclone x2  
  105  14:20  Supply Depot  
  105  14:28  Banshee x2  
  105  14:29  Banshee  
  110  14:40  Siege Tank x3  
  110  14:43  Supply Depot  
  73  15:07  Marine x4  
  73  15:08  Supply Depot  
  73  15:11  Raven, Banshee  
  82  15:18  Missile Turret  
  82  15:19  Missile Turret  
  82  15:21  Missile Turret  
  79  15:24  Marine x2  
  79  15:25  Marine x2  
  83  15:28  Missile Turret  
  83  15:38  Missile Turret  
  83  15:40  Missile Turret x2  
  83  15:41  Missile Turret x2  
  83  15:42  Marine, Missile Turret  
  84  15:44  Missile Turret  
  84  15:45  Missile Turret  
  84  15:55  Missile Turret  
  84  15:56  Missile Turret x2  
  84  15:58  Missile Turret x2  
  84  16:00  Missile Turret x2  
  84  16:05  Viking x3  
  90  16:17  Missile Turret  
  90  16:21  Missile Turret x2, SCV  
  90  16:22  Missile Turret  
  91  16:33  SCV  
  91  16:35  Viking x3  
  98  16:45  SCV  
  99  16:57  SCV  
  99  16:59  Missile Turret  
  99  17:01  Missile Turret  
  100  17:05  Viking x3  
  106  17:09  SCV  
  107  17:18  Missile Turret  
  107  17:20  Missile Turret x2  
  107  17:21  Missile Turret  
  107  17:22  Missile Turret  
  107  17:35  Viking x3  
  113  17:51  Command Center  
  113  17:59  Refinery  
  113  18:02  Refinery  
  113  18:07  Terran Vehicle And Ship Armor Level 2, Terran Vehicle Weapons Level 2  
  113  18:09  Terran Ship Weapons Level 1  
  113  18:10  Terran Infantry Weapons Level 2, Terran Infantry Armor Level 2  
  88  18:34  Viking x2  
  88  18:35  Viking  
  94  19:04  Viking x2  
  94  19:05  Viking  
  95  19:34  Viking x2  
  95  19:35  Viking  
  75  20:04  Viking  
Show
View Real Time Build Order
Export as new Build Order

tigro Terran 

Build Orders:  

Get SALT Encoding   

  12  0:04  SCV  
  13  0:17  Supply Depot, SCV  
  14  0:28  Refinery  
  14  0:35  Refinery  
  14  0:58  Barracks  
  14  1:01  SCV  
  15  1:18  SCV  
  16  1:30  SCV  
  17  1:42  SCV  
  18  1:48  Marine  
  19  2:00  Engineering Bay  
  19  2:06  Marine  
  20  2:17  SCV  
  21  2:23  Marine  
  22  2:40  Terran Infantry Weapons Level 1  
  22  2:41  Marine  
  22  2:42  Command Center  
  23  3:12  Supply Depot  
  23  3:33  Marine  
  24  3:39  Orbital Command  
  24  4:11  Planetary Fortress  
  24  4:27  Refinery  
  24  4:34  Terran Infantry Armor Level 1  
  24  4:42  Barracks Tech Lab  
  24  4:46  Factory  
  24  4:51  SCV  
  25  5:03  SCV  
  26  5:10  Combat Shield  
  26  5:37  Factory Tech Lab  
  26  5:39  Marauder, Armory  
  28  6:01  Marauder  
  30  6:19  SCV, Refinery  
  30  6:22  Marauder  
  33  6:27  Siege Tank  
  33  6:28  Hi-Sec Auto Tracking  
  33  6:31  SCV  
  33  6:32  Terran Vehicle Weapons Level 1  
  37  6:34  Missile Turret  
  37  6:43  Marauder  
  37  6:44  SCV  
  40  6:50  Stimpack  
  40  6:54  Starport  
  40  7:05  Marauder  
  42  7:15  Missile Turret  
  42  7:25  Neosteel Armor  
  42  7:26  Marine  
  43  8:04  Missile Turret  
  43  8:15  Fusion Core  
  43  8:26  Terran Vehicle And Ship Armor Level 1  
  43  8:30  Concussive Shells  
  43  8:31  Starport Tech Lab  
  43  8:36  Marine  
  44  8:54  Marine  
  45  9:05  Terran Infantry Weapons Level 2  
  45  9:07  Supply Depot  
  45  9:12  Rapid Reignition System, Marine  
  46  9:18  Weapon Refit  
  46  9:30  Marine  
  47  9:48  Marine  
  48  9:59  SCV  
  49  10:05  Marine  
  50  10:08  Corvid Reactor  
  50  10:21  Terran Ship Weapons Level 1  
  50  10:23  Marine  
  50  10:26  Missile Turret  
  51  10:39  Supply Depot  
  51  10:41  Medivac, Marine  
  54  11:00  Thor  
  60  11:11  Medivac  
  62  11:26  Supply Depot, Command Center  
  62  11:27  Cloaking Field  
  62  11:31  Marine  
  63  11:41  Medivac  
  63  11:43  Thor  
  71  11:48  Marine  
  72  12:06  Marine  
  73  12:11  Battlecruiser  
  79  12:24  Marine  
  79  12:26  Siege Tank  
  83  12:42  Marine  
  84  12:46  Hyperflight Rotors  
  84  12:50  Planetary Fortress  
  84  12:58  Siege Tank  
  87  13:18  Terran Vehicle Weapons Level 2  
  87  13:22  Terran Infantry Armor Level 2  
  87  13:51  SCV  
  88  13:58  Missile Turret  
  88  14:04  Marauder  
  90  14:15  SCV  
  91  14:25  Marauder, Missile Turret  
  91  14:28  SCV  
  94  14:46  Marauder  
  94  14:47  Advanced Ballistics  
  96  14:54  Battlecruiser  
  56  15:08  Marauder  
  44  15:22  SCV  
  45  15:29  Marauder  
  45  15:33  Terran Vehicle And Ship Armor Level 2  
  47  15:45  Missile Turret  
  47  15:49  Missile Turret  
  47  15:50  Marine  
  48  16:02  Missile Turret, Refinery  
  48  16:08  Marine  
  49  16:17  Bunker  
  49  16:26  Marine  
  49  16:29  Refinery  
  49  16:32  Siege Tank  
  53  16:44  Marine  
  54  17:01  Marine  
  55  17:09  Missile Turret  
  55  17:21  Marine  
  56  17:26  Medivac  
  58  17:39  Marine  
  59  17:49  Terran Ship Weapons Level 2  
  59  17:56  Medivac  
  59  17:57  Marine  
  34  18:14  Marine  
  33  18:22  Missile Turret  
  33  18:26  Medivac  
  35  18:32  Marine  
  36  18:38  Missile Turret  
  36  18:46  Missile Turret  
  36  18:59  Missile Turret  
  36  19:10  Refinery  
  36  19:18  Marine  
  37  19:35  Marine  
  38  19:53  Marine  
  39  20:04  Missile Turret  
  39  20:09  Bunker  
  39  20:11  Marine  
  40  20:29  Marine  
  40  20:33  Command Center  
  41  20:47  Marine  
  41  20:49  Viking  
  44  20:50  Missile Turret  
  44  21:04  Marine  
  44  21:22  Marine  
  44  21:25  Missile Turret  
  25  21:50  Missile Turret  
  17  22:10  Missile Turret  
  9  22:20  Missile Turret  
  2  23:05  SCV  
  3  23:29  Engineering Bay  
Show
View Real Time Build Order
Export as new Build Order

IA (Difícil) Terran 

Build Orders:  

Get SALT Encoding   

  12  0:01  SCV  
  13  0:13  SCV  
  14  0:19  Supply Depot  
  14  0:25  SCV  
  15  0:40  SCV  
  15  0:42  Barracks  
  16  0:49  Refinery  
  16  0:52  SCV  
  17  1:04  SCV  
  18  1:17  SCV  
  19  1:18  Supply Depot  
  19  1:29  Marine, SCV  
  21  1:41  Barracks, Orbital Command  
  21  1:49  Barracks Tech Lab, Refinery  
  21  2:06  Supply Depot  
  21  2:07  Marine  
  22  2:25  Marine  
  22  2:27  Marine  
  24  2:37  Supply Depot  
  24  2:43  Marine  
  25  2:45  Marine  
  26  3:01  Marine  
  26  3:03  Marine  
  28  3:12  Supply Depot  
  28  3:14  SCV  
  28  3:19  Marauder  
  31  3:21  Marine  
  31  3:26  SCV  
  33  3:30  Engineering Bay  
  33  3:38  Marine, SCV  
  33  3:40  Marine  
  36  3:50  SCV  
  37  3:56  Marine  
  37  3:58  Marine  
  37  4:02  SCV  
  40  4:14  Marine, SCV  
  44  4:17  Marauder  
  46  4:38  Marauder  
  48  5:00  Marauder  
  48  6:04  Barracks Tech Lab  
  48  6:05  Terran Infantry Weapons Level 1  
  48  6:06  Factory  
  48  6:09  Factory  
  48  6:12  Supply Depot  
  48  6:13  Missile Turret  
  48  6:14  Command Center, Missile Turret  
  48  6:17  Barracks  
  48  6:21  Combat Shield  
  48  6:26  Stimpack  
  48  6:33  Supply Depot  
  48  6:37  Bunker  
  46  6:49  Marine  
  46  6:51  Factory Tech Lab  
  46  6:54  Starport  
  41  6:56  Starport, Factory Tech Lab  
  41  6:58  Marine  
  40  7:06  Marine  
  41  7:15  Marine  
  36  7:24  Marine  
  36  7:27  SCV  
  36  7:28  SCV  
  35  7:32  Marine  
  34  7:37  Refinery  
  34  7:38  Missile Turret  
  34  7:39  SCV  
  34  7:40  Missile Turret  
  34  7:41  Marine, Refinery, SCV, Starport Tech Lab x2  
  37  7:49  Marine  
  38  7:51  SCV  
  38  7:53  SCV  
  38  7:58  Marine  
  41  7:59  Terran Infantry Armor Level 1  
  41  8:00  Sensor Tower, Raven  
  41  8:01  Raven  
  41  8:02  Bunker  
  41  8:03  SCV  
  41  8:05  SCV  
  47  8:07  Marauder  
  49  8:15  SCV  
  49  8:16  Marauder  
  49  8:17  Armory, SCV  
  53  8:23  Barracks Reactor  
  53  8:28  Marauder, Concussive Shells, SCV  
  53  8:29  SCV  
  53  8:32  Siege Tank  
  60  8:40  SCV  
  64  8:41  SCV, Siege Tank  
  65  8:52  SCV  
  65  8:53  SCV  
  66  9:04  SCV  
  66  9:05  SCV, Cyclone  
  71  9:16  SCV  
  72  9:17  SCV  
  73  10:14  Medivac  
  73  10:15  Medivac, Widow Mine  
  73  10:16  Terran Vehicle Weapons Level 1  
  73  10:17  Supply Depot  
  73  10:19  Marine  
  73  10:21  Engineering Bay  
  80  10:23  Marine  
  80  10:26  Ghost Academy  
  80  10:27  Marine  
  82  10:34  Marine  
  82  10:35  Command Center  
  77  10:38  Marine  
  77  10:42  Marine  
  61  10:44  Raven  
  61  10:45  Raven  
  61  10:47  Marine  
  62  10:55  Marine  
  62  10:56  Marine  
  64  10:59  Hellion  
  64  11:01  Supply Depot  
  60  11:07  Marine  
  59  11:12  Marine  
  50  11:20  Marine  
  50  11:21  Hellion  
  50  11:24  Marine  
  42  11:27  Medivac  
  42  11:28  SCV, Starport Tech Lab  
  42  11:29  Marine  
  42  11:30  SCV  
  35  11:38  Marauder  
  31  11:40  SCV  
  31  11:42  Hellion, SCV  
  31  11:46  Marine  
  31  11:47  Barracks Tech Lab, SCV  
  31  11:49  Marine  
  30  11:55  SCV  
  30  11:57  Viking  
  28  12:02  Marine  
  28  12:03  Hellion  
  25  12:10  Refinery  
  25  12:14  Marine, SCV  
  26  12:20  SCV  
  24  12:35  Barracks  
  19  12:59  SCV  
  2  13:52  Command Center  
Tags
 
Add a new tag
Caveats
  • Supply blocks, unpowered buildings, or Contaminate may cause inaccurate times.
  • Supply counts are checked every 10 seconds.